 Dungeon Crawl Stone Soup version 0.31-a0-232-gb1c03b2570 (webtiles) character file.

Game seed: 11469844593155283429

449 funkygono the Chopper (level 6, -6/53 (56) HPs)
             Began as a Minotaur Fighter on July 7, 2023.
             Was an Initiate of Okawaru.
             Mangled by a wight
             ... wielding a +4 short sword
              (11 damage)
             ... on level 4 of the Dungeon.
             The game lasted 00:04:23 (2574 turns).

funkygono the Chopper (Minotaur Fighter)            Turns: 2574, Time: 00:04:24

HP:   -6/53 (56)    AC:  8    Str: 23    XL:     6   Next: 74%
MP:   5/5           EV: 10    Int:  5    God:    Okawaru [......]
Gold: 107           SH:  4    Dex:  9    Spells: 5/5 levels left

rFire   + + .        a - +0 war axe
rCold   . . .        c - +0 buckler
rNeg    . . .        b - +0 scale mail
rPois   .            (helmet restricted)
rElec   .            (no cloak)
rCorr   .            (no gloves)
SInv    .            y - +0 pair of boots
Will    .....        (no amulet) Stlth
                     h - ring of protection from fire
HPRegen 0.28/turn    p - ring of protection from fire
MPRegen 0.09/turn

%: no passive effects
@: mighty, drained
A: horns 2, retaliatory headbutt
a: Renounce Religion


You were on level 4 of the Dungeon.
You worshipped Okawaru.
Okawaru was noncommittal.
You visited 2 branches of the dungeon, and saw 7 of its levels.
You also visited: Ossuary.

You collected 107 gold pieces.

Inventory:

Hand Weapons
 a - a +0 war axe (weapon)
Missiles
 j - 4 stones (quivered)
 n - 9 poisoned darts
Armour
 b - a +0 scale mail (worn)
 c - a +0 buckler (worn)
 y - a +0 pair of boots (worn)
Jewellery
 h - a ring of protection from fire (left hand)
 p - a ring of protection from fire (right hand)
Scrolls
 i - 2 scrolls of revelation {unknown}
 l - a scroll of fear {unknown}
 o - 2 scrolls of teleportation {unknown}
 q - 3 scrolls of vulnerability {unknown}
 r - 2 scrolls of identify {unknown}
 t - 4 scrolls of amnesia {unknown}
Potions
 d - 2 potions of might
 e - a potion of mutation {unknown}
 f - a potion of berserk rage {unknown}
 g - 3 potions of enlightenment {unknown}
 k - 2 potions of curing {unknown}
 m - a potion of resistance {unknown}
 s - 4 potions of attraction {unknown}
 u - a potion of lignification {unknown}
 v - a potion of ambrosia {unknown}
 w - a potion of brilliance {unknown}
 x - 2 potions of invisibility {unknown}
 z - a potion of degeneration {unknown}


   Skills:
 + Level 5.0 Fighting
 + Level 5.9 Axes
 + Level 0.9 Throwing
 + Level 5.0 Armour
 + Level 1.3 Dodging
 + Level 0.3 Stealth
 + Level 4.9 Shields


You had 5 spell levels left.
You didn't know any spells.
Your spell library was empty.

Dungeon Overview and Level Annotations

Branches:
Dungeon (6/15)             Temple (1/1) D:4         Ossuary (visited)

Altars:
Ashenzari
Cheibriados
Dithmenos
Elyvilon
Gozag
Hepliaklqana
Makhleb
Nemelex Xobeh
Okawaru
Qazlal
Ru
Sif Muna
Trog
Uskayaw
Vehumet
Wu Jian
Xom
Yredelemnul
Zin
The Shining One

Shops:
D:2 ?   D:3 [


Innate Abilities, Weirdness & Mutations

You have a pair of horns on your head.
You reflexively headbutt those who attack you in melee.


Message History

A wight comes into view. It is wielding a +2 falchion.
The goblin throws a boomerang.
You block the boomerang.
A kobold comes into view. It is wielding a +0 whip.
The kobold shouts!
You hit the wight.
The wight is lightly damaged.
You closely miss the wight. The wight hits you with a +2 falchion.
You feel drained.
You closely miss the wight. You hit the wight but do no damage.
You hit the kobold.
You kill the kobold!
Okawaru accepts your kill. The wight hits you but does no damage.
The wight closely misses you.
You hit the wight but do no damage. You slash the goblin!
You kill the goblin!
You slash the wight! The wight hits you with a +2 falchion!
The wight closely misses you.
You slash the wight!
The wight is almost destroyed.
You slash the wight!
You destroy the wight!
Okawaru accepts your kill.
The wight hits you with a +0 great sword!
You feel drained.
The wight hits you with a +0 great sword!
You feel drained.
* * * LOW HITPOINT WARNING * * *
You block the wight's attack.
Your Fighting skill increases to level 5!
Your Armour skill increases to level 5!
You feel very mighty all of a sudden. You block the wight's attack.
The wight hits you with a +4 short sword!
* * * LOW HITPOINT WARNING * * *
You barely miss the wight.
The wight is almost destroyed.
You closely miss the wight.
A ball python comes into view.
The wight hits you with a +4 short sword!
You die...

...####.####+###
# #...## #.####
.#.. .#.....
#....# .....
.'.....
#....#......
#.....
#....'......
#.....
#...###.##:.
##.....##...###
S.....).......#
......z@......#
####..z##..#..#
#... #######
..... .......
....... #######


You could see 2 wights and a ball python (wandering).

Vanquished Creatures
  An ogre (D:4)
  2 water moccasin zombies (Ossuary)
  A wight (D:4)
  An orc priest (D:5)
  Natasha (twice) (D:2)
  2 mummies (Ossuary)
  2 adders (D:2)
  2 adder zombies (Ossuary)
  A worm (D:2)
  2 orcs (D:5)
  3 bats
  2 endoplasms (D:4)
  6 giant cockroaches
  4 gnoll zombies (Ossuary)
  6 goblins
  5 hobgoblins
  8 kobolds
  3 quokkas
  9 ball pythons
  2 frilled lizards
  5 hobgoblin zombies (Ossuary)
  5 kobold zombies (Ossuary)
  3 orc zombies (Ossuary)
  3 rats
80 creatures vanquished.

Notes
Turn   | Place    | Note
-------+----------+-------------------------------------------
     0 | D:1      | funkygono the Minotaur Fighter began the quest for the Orb.
     0 | D:1      | Reached XP level 1. HP: 19/19 MP: 0/0
   139 | D:1      | Reached XP level 2. HP: 22/27 MP: 1/1
   905 | D:2      | Found The Oracle's Delphic Readings.
   939 | D:2      | Reached XP level 3. HP: 33/33 MP: 2/2
  1184 | D:2      | Noticed Natasha
  1194 | D:2      | Killed Natasha
  1195 | D:2      | Reached XP level 4. HP: 23/40 MP: 3/3
  1470 | D:2      | Noticed Natasha
  1481 | D:2      | Killed Natasha
  1601 | D:3      | Found Genev's Antique Armour Shoppe.
  1657 | D:3      | You fall into a shaft and drop 3 floors!
  1668 | D:5      | Entered Level 5 of the Dungeon
  1698 | D:5      | Reached XP level 5. HP: 28/46 MP: 4/4
  1879 | D:4      | Found a sand-covered staircase.
  1884 | Ossuary  | Entered an ossuary
  1913 | Ossuary  | Reached skill level 1 in Dodging
  2016 | Ossuary  | Reached skill level 5 in Axes
  2016 | Ossuary  | Reached XP level 6. HP: 53/53 MP: 5/5
  2110 | D:4      | Found a staircase to the Ecumenical Temple.
  2238 | Temple   | Entered the Ecumenical Temple
  2247 | Temple   | Became a worshipper of Warmaster Okawaru
  2454 | D:4      | Found a radiant altar of Vehumet.
  2460 | D:4      | Found a glowing silver altar of Zin.
  2465 | D:4      | Found an ornate altar of the Wu Jian Council.
  2573 | D:4      | Reached skill level 5 in Fighting
  2573 | D:4      | Reached skill level 5 in Armour
  2574 | D:4      | Mangled by a wight

Illustrated notes

Levels and vault maps discovered:
D:1:      dpeg_arrival_fog, layout_basic
D:2:      layout_basic, st_stairs_9, nicolae_nh_oracle_at_delphi, uniq_natasha
D:3:      lemuel_castle_with_subvaults [lemuel_castle_interior_carwin_3],
          layout_basic, serial_shops, shop, minmay_gold_behind_fungi
D:4:      layout_gridville, minmay_overflow_temple_star_quad,
          minmay_temple_entry_overgrown, enter_ossuary_2,
          grunt_decor_one_mirror, minmay_misc_feat_iff
D:5:      layout_basic, fedhas_altar_4, uniq_ijyb, uniq_grinder
D:6:      layout_cave_pools
Temple:   nicolae_temple_bog_church

Skill      XL: |  1  2  3  4  5  6 |
---------------+-------------------+-----
Fighting       | 4 5 |  5.0
Armour         | 4 5 |  5.0
Shields        | 4 |  4.9
Axes           | 3 4 5 |  5.9
Dodging        | 1 |  1.3
Throwing       | |  0.9
Stealth        | |  0.3

Action                     |  1- 3 |  4- 6 || total
---------------------------+-------+-------++-------
  Melee: War axe           |    77 |   102 ||   179
         Headbutt          |    12 |    23 ||    35
  Throw: Stone             |     2 |    13 ||    15
    Use: Potion            |       |     1 ||     1
 Armour: Scale mail        |    41 |    45 ||    86
  Dodge: Dodged            |    54 |    36 ||    90
  Block: Buckler           |    16 |    20 ||    36

Table legend: (Time is in decaauts)
 A = Elapsed time spent in this place.
 B = Non-inter-level travel time spent in this place.
 C = Inter-level travel time spent in this place.
 D = Time resting spent in this place.
 E = Time spent auto-exploring this place.
 F = Levels seen in this place.
 G = Mean time per level.
                   A        B        C        D        E       F      G
               +--------+--------+--------+--------+--------+-----+--------+
         Total |   2647 |   2565 |     82 |    138 |   1783 |   8 |  330.9 |
       Dungeon |   2252 |   2186 |     66 |    138 |   1540 |   6 |  375.3 |
        Temple |    168 |    152 |     16 |      0 |    137 |   1 |  168.0 |
       Ossuary |    226 |    226 |      0 |      0 |    106 |   1 |  226.0 |
               +--------+--------+--------+--------+--------+-----+--------+

Top non-repeatable levels by time:
     D:2: 902 daAuts
     D:1: 711 daAuts
     D:4: 425 daAuts
 Ossuary: 226 daAuts
  Temple: 168 daAuts
     D:5: 120 daAuts
     D:3: 81 daAuts
     D:6: 10 daAuts
